 Dungeon Crawl Stone Soup version 0.22-a0-196-gee22f27 (webtiles) character file.

63 vishdafish the Slasher (level 3, -5/28 HPs)
             Began as a Demonspawn Gladiator on Feb 17, 2018.
             Slain by a gnoll (8 damage)
             ... on level 2 of the Dungeon.
             The game lasted 00:02:47 (1099 turns).

vishdafish the Slasher (Demonspawn Gladiator)       Turns: 1099, Time: 00:02:48

Health: -5/28      AC:  1    Str: 14    XL:     3   Next: 89%
Magic:  0/3        EV: 13    Int: 10    God:
Gold:   32         SH:  0    Dex: 14    Spells: 2/2 levels left

rFire    . . .     SeeInvis .   a - +0 long sword
rCold    . . .     Gourm    .   (no shield)
rNeg     . . .     Faith    .   b - +0 leather armour
rPois    .         Spirit   +   (helmet restricted)
rElec    .         Reflect  .   h - scarf {Spirit}
rCorr    .         Harm     .   (no gloves)
MR       .....                  (no boots)
Stlth    +.........             (no amulet)
HPRegen  0.09/turn              (no ring)
MPRegen  0.08/turn              (no ring)

@: no status effects
A: antennae 1, deformed body, powered by death 1
a: no special abilities


You were on level 2 of the Dungeon.
You were hungry.

You visited 1 branch of the dungeon, and saw 2 of its levels.

You collected 32 gold pieces.

Inventory:

Hand Weapons
 a - a +0 long sword (weapon)
Armour
 b - a +0 leather armour (worn)
 c - a +0 helmet
 h - a scarf of spirit shield (worn)
Scrolls
 g - a scroll of blinking {unknown}
 i - a scroll of identify {unknown}
 j - a scroll of fog {unknown}
Comestibles
 f - 4 rations


   Skills:
 + Level 2.6 Fighting
 + Level 3.6 Long Blades
 + Level 1.8 Throwing
 + Level 0.6 Armour
 + Level 3.0 Dodging
 + Level 0.1 Stealth


You had 2 spell levels left.
You didn't know any spells.

Dungeon Overview and Level Annotations

Branches:
Dungeon (2/15)

Altars:
Ashenzari
Gozag
Ru


Innate Abilities, Weirdness & Mutations

You regenerate a little health from kills.
You have a pair of small antennae on your head.
Armour fits poorly on your strangely shaped body.


Message History

You barely miss the gnoll. The gnoll hits you.
* * * LOW HITPOINT WARNING * * *
Firing (i - inventory) No suitable missiles.
Press: ? - help, Shift-Dir - straight line, f - gnoll
Aim: a gnoll
Okay, then.
Okay, then.
Press: ? - help, v - describe, . - travel, g - get item
Here: a gnoll A spear.
There is something else lying underneath.
The floor, spattered with blood.
Your leather armour prevents you from hitting the gnoll.
The gnoll misses you.
You barely miss the gnoll. The gnoll barely misses you.
You hit the gnoll but do no damage. The gnoll barely misses you.
You hit the gnoll.
The gnoll is lightly wounded.
The gnoll hits you!
You die...

.###........g.##.##
###...........###)#
#...#####.....#..##
#.### ##....##.#
#.## ##..###.###
#..# ####P.PP^#
...# #^.PPP# #..#
#^.g.P# #.##
#P^@.^# #.# #.P.PP#
..# ####### .## ##


You could see a gnoll.

Vanquished Creatures
  3 gnolls (D:2)
  An adder (D:2)
  A worm (D:2)
  A dart slug (D:1)
  6 bats
  A giant cockroach (D:2)
  2 goblins
  4 hobgoblins
  A jackal (D:2)
  2 kobolds
22 creatures vanquished.

Notes
Turn   | Place    | Note
-------+----------+-------------------------------------------
     0 | D:1      | vishdafish the Demonspawn Gladiator began the quest for the Orb.
     0 | D:1      | Reached XP level 1. HP: 16/16 MP: 1/1
   149 | D:1      | Gained mutation: You regenerate a little health from kills. [demonic ancestry]
   149 | D:1      | Reached XP level 2. HP: 22/22 MP: 2/2
   933 | D:2      | Reached XP level 3. HP: 23/28 MP: 3/3
   971 | D:2      | Found a sacrificial altar of Ru.
   997 | D:2      | Found an opulent altar of Gozag.
  1022 | D:2      | Found a shattered altar of Ashenzari.
  1082 | D:2      | HP: 1/28 [gnoll/spear (1)]
  1084 | D:2      | Gained mutation: Armour fits poorly on your strangely shaped body. [potion of mutation]
  1084 | D:2      | Gained mutation: You have a pair of small antennae on your head. [potion of mutation]
  1089 | D:2      | HP: 1/28 [gnoll (4)]
  1099 | D:2      | Slain by a gnoll

Vault maps used:
D:1:      dpeg_arrival_water_altar
D:2:      grunt_gozag_statues, ashenzari_altar_1,
          chequers_ecumenical_altar_simple, first_ration,
          nicolae_ru_the_path_less_chosen, uniq_crazy_yiuf_cottage

Skill      XL: |  1  2 |
---------------+-------+-----
Long Blades    | 3 |  3.6
Dodging        | 3 |  3.0
Fighting       | |  2.6
Throwing       | |  1.8
Armour         | |  0.6
Stealth        | |  0.1

Action                   || total
-------------------------++-------
Melee: Long sword        ||    77
Throw: Throwing net      ||     4
  Use: Potion            ||     2
 Stab: Held in net/web   ||     1
Armor: Leather armour    ||    25
Dodge: Dodged            ||    77
       Rpst.: Long sword ||    17

Table legend:
 A = Spawn XP
 B = Non-spawn XP
 C = Spawn XP percentage of total XP
 D = Spawn monster count
 E = Non-spawn monster count
 F = Spawn count percentage of total count
 G = Total turns spent on level
                    A         B        C        D         E        F      G
               +---------+---------+-------+---------+---------+-------+---------
         Total |       0 |      91 |   0.0 |       0 |      22 |   0.0 |  1099
               +---------+---------+-------+---------+---------+-------+---------
           D:1 |       0 |      18 |   0.0 |       0 |       9 |   0.0 |   827
           D:2 |       0 |      73 |   0.0 |       0 |      13 |   0.0 |   272
               +---------+---------+-------+---------+---------+-------+---------
